 Dungeon Crawl Stone Soup version 0.22-a0-482-g76e0a5f (webtiles) character file.

16383 emperorscorpion the Cleaver (level 12, -10/105 HPs)
             Began as a Hill Orc Fighter on June 16, 2018.
             Was the Champion of Cheibriados.
             Engulfed by an ice statue's freezing vapour (30 damage)
             ... in an ice cave on June 17, 2018.
             The game lasted 00:19:13 (9418 turns).

emperorscorpion the Cleaver (Hill Orc Fighter)      Turns: 9418, Time: 00:19:14

Health: -10/105    AC: 19    Str: 35    XL:     12   Next: 36%
Magic:  17/17      EV: 11    Int: 21    God:    Cheibriados [******]
Gold:   290        SH:  0    Dex: 25    Spells: 16/18 levels left

rFire    + + +     SeeInvis .   U - +7 great mace "Firestarter" {inner flame, rF++}
rCold    . . .     Gourm    .   (shield currently unavailable)
rNeg     . . .     Faith    .   q - +0 chain mail
rPois    .         Spirit   .   x - +0 helmet
rElec    +         Reflect  .   t - +0 cloak
rCorr    .         Harm     .   (no gloves)
MR       +....                  (no boots)
Stlth    ..........             F - amulet of regeneration
HPRegen  0.67/turn              y - +5 ring of protection
MPRegen  0.15/turn              R - ring "Likkovai" {rElec rF++ MR+ Str-4 Int-2}

@: studying Fire Magic, very slow
A: no striking features
a: Bend Time, Temporal Distortion, Slouch, Step From Time, Renounce Religion


You were in an ice cave.
You worshipped Cheibriados.
Cheibriados was exalted by your worship.
You were not hungry.

You visited 1 branch of the dungeon, and saw 11 of its levels.
You also visited: Ice Cave.

You collected 538 gold pieces.
You spent 248 gold pieces at shops.

Inventory:

Hand Weapons
 a - a +3 war axe of electrocution
 b - the +2 morningstar "Grum" {freeze, Str+6}
   (You found it on level 9 of the Dungeon)

   It has been specially enchanted to freeze those struck by it, causing extra
   injury to most foes and up to half again as much damage against particularly
   susceptible opponents.
   It can also slow down cold-blooded creatures.
   It affects your strength (+6).
 o - a +0 trident of piercing
 r - a +2 hand axe of venom
 u - a +0 spear
 I - a +0 war axe
 U - the +7 great mace "Firestarter" (weapon) {inner flame, rF++}
   (You found it on level 10 of the Dungeon)

   It has been specially enchanted to burn those struck by it, causing extra
   injury to most foes and up to half again as much damage against particularly
   susceptible opponents.
   It greatly protects you from fire.
Missiles
 G - 93 stones (quivered)
Armour
 c - a +0 shield
 q - a +0 chain mail (worn)
 t - a +0 cloak (worn)
 x - a +0 helmet (worn)
 H - a +0 large shield
 M - a +3 shield
 N - a +0 scale mail
 P - +0 fire dragon scales
Jewellery
 w - an uncursed ring of flight
 y - a +5 ring of protection (left hand)
 E - an uncursed amulet of guardian spirit
 F - an amulet of regeneration (around neck)
 L - an uncursed ring of protection from magic
 R - the ring "Likkovai" (right hand) {rElec rF++ MR+ Str-4 Int-2}
   (You found it on level 8 of the Dungeon)

   [ring of intelligence]

   It affects your strength (-4).
   It affects your intelligence (-2).
   It greatly protects you from fire.
   It insulates you from electricity.
   It affects your resistance to hostile enchantments.
 V - an uncursed ring of poison resistance
 W - an uncursed amulet of magic regeneration
Wands
 j - a wand of random effects (15)
 n - a wand of iceblast (9)
 A - a wand of clouds (1)
 O - a wand of scattershot (4)
Scrolls
 h - a scroll of enchant weapon
 i - 2 scrolls of fog
 l - 4 scrolls of remove curse
 s - 5 scrolls of teleportation
 z - a scroll of amnesia
 J - a scroll of enchant armour
Potions
 d - 2 potions of might
 e - 2 potions of flight
 g - a potion of heal wounds
 k - a potion of brilliance
 m - 2 potions of magic
 p - 3 potions of degeneration {unknown}
 v - a potion of mutation {unknown}
 B - a potion of resistance {unknown}
 C - 3 potions of curing
 D - a potion of berserk rage {unknown}
 K - a potion of invisibility {unknown}
 Q - a potion of agility {unknown}
Books
 T - a manual of Fire Magic
Comestibles
 f - 23 rations
 S - 13 chunks of flesh


   Skills:
 + Level 9.4 Fighting
 - Level 14.4(14.7) Axes
 + Level 4.3(9.3) Maces & Flails
 + Level 9.0 Armour
 + Level 2.4 Dodging
 + Level 1.7 Stealth
 + Level 9.2 Shields
 * Level 3.8 Spellcasting
 * Level 7.6 Invocations
 + Level 0.3 Evocations


You had 16 spell levels left.
You knew the following spells:

 Your Spells              Type           Power        Failure   Level  Hunger
f - Blink                 Tloc           N/A          52%         2    #......

Your spell library contained the following spells:

 Spells                   Type           Power        Failure   Level  Hunger
 Magic Dart               Conj           #...         38%         1    None
 Fireball                 Conj/Fire      #.........   100%        5    ######.
 Conjure Flame            Conj/Fire      #.......     77%         3    ###....
 Bolt of Fire             Conj/Fire      #.........   100%        6    #######
 Slow                     Hex            #.......     52%         2    #......
 Throw Flame              Conj/Fire      #.....       52%         2    #......
 Mephitic Cloud           Conj/Pois/Air  #.......     77%         3    ###....
 Ring of Flames           Chrm/Fire      #.........   100%        7    #######
 Summon Small Mammal      Summ           #...         38%         1    None
 Sticky Flame             Conj/Fire      #.......     99%         4    ####...
 Summon Ice Beast         Ice/Summ       #.......     99%         4    ####...
 Call Imp                 Summ           #.......     52%         2    #......
 Flame Tongue             Conj/Fire      #....        38%         1    None
 Ignite Poison            Fire/Tmut/Pois #.......     77%         3    ###....
 Call Canine Familiar     Summ           #.......     77%         3    ###....
 Static Discharge         Conj/Air       #.......     77%         3    ###....
 Inner Flame              Hex/Fire       #.......     77%         3    ###....
 Summon Lightning Spire   Summ/Air       #.......     99%         4    ####...
 Summon Guardian Golem    Hex/Summ       #.......     77%         3    ###....
 Ignition                 Fire           #.........   100%        8    #######


Dungeon Overview and Level Annotations

Branches:
Dungeon (13/15)            Temple (0/1) D:7            Lair (0/6) D:9
    Orc: D:9-12      Vaults: D:13-14

Altars:
Ashenzari
Cheibriados
Elyvilon
Fedhas
Nemelex Xobeh
Ru
The Shining One

Shops:
D:5 (   D:8 (   D:13 [

Annotations:
IceCv exclusion: ice statue


Message History

The ice beast hits you.
* * * LOW HITPOINT WARNING * * *
The ice beast freezes you!
* * * LOW HITPOINT WARNING * * *
The ice statue gestures at you.
The freezing blast engulfs the ice beast.
The ice beast completely resists.
The ice beast hits you but does no damage. x2
The ice statue gestures at you.
The freezing blast engulfs the ice beast.
The ice beast completely resists.
The ice beast closely misses you.
The ice beast hits you but does no damage.
The ice beast barely misses you.
Unknown command.
Okay, then.
You thump the ice beast!
You melt the ice beast!
The ice beast is filled with an inner flame.
The ice beast is severely wounded.
You are engulfed in freezing vapours.
You die...

...# #...# #.... ####
#.... #### ##%.##
#....####.%#####....##
#.§§.##%%%.##.......#
#.§§§§§.#.......%.∩.#
#§§YY@§###..........#
...#8.Y###
##..##....## ......§##
######..## .......
#### ....... #.....#
#....# ##..# ###


You could see an ice statue and 3 ice beasts.

Vanquished Creatures
  A fire dragon (D:10)
  A hydra (D:13)
  Erica (D:9)
  2 two-headed ogres
  The ghost of EvilAshe the Carver, a novice HuFi of Fedhas (D:10)
  An unseen horror (D:10)
  A centaur skeleton (D:10)
  A komodo dragon (D:10)
  A troll (D:9)
  5 polar bears (IceCv)
  4 slime creatures (D:10)
  A hippogriff (D:10)
  Sigmund (D:4)
  6 fire bats (D:10)
  11 yaks
  A human (D:7)
  3 hogs (D:7)
  A hungry ghost (D:10)
  Menkaure (D:5)
  A soldier ant (D:10)
  Edmund (D:4)
  3 porcupines (D:9)
  A black bear (D:10)
  2 sky beasts
  3 ice beasts
  2 phantoms
  An ogre (D:6)
  An eye of draining (D:10)
  3 wolves (IceCv)
  A necrophage (D:8)
  5 centaurs
  4 crocodiles (D:9)
  Blork the orc (D:4)
  4 bullfrogs
  6 scorpions
  6 killer bees (D:8)
  3 wights (D:7)
  2 howler monkeys
  3 bullfrog zombies
  4 crimson imps
  3 centaur zombies
  2 hounds
  4 orc wizards
  3 bullfrog skeletons
  A gnoll shaman (D:5)
  5 orc priests
  A jelly (D:8)
  8 iguanas
  10 worker ants
  A hound zombie (D:9)
  2 hound skeletons (D:5)
  2 worker ant zombies
  15 gnolls
  11 adders
  2 shadow imps
  An ooze (D:7)
  4 adder zombies
  2 adder skeletons (D:4)
  4 worms
  2 dart slugs
  6 leopard geckos
  30 orcs
  3 bats
  5 giant cockroaches
  8 goblins
  5 hobgoblins
  17 jackals
  3 quokkas
  2 ball pythons
  6 frilled lizards
  12 kobolds
  A quokka skeleton (D:8)
  13 rats
  A plant (D:9)
296 creatures vanquished.

Notes
Turn   | Place    | Note
-------+----------+-------------------------------------------
     0 | D:1      | emperorscorpion the Hill Orc Fighter began the quest for the Orb.
     0 | D:1      | Reached XP level 1. HP: 19/19 MP: 1/1
   285 | D:1      | Reached skill level 3 in Axes
   285 | D:1      | Reached XP level 2. HP: 27/27 MP: 2/2
   552 | D:1      | Reached XP level 3. HP: 26/33 MP: 3/3
  1057 | D:2      | Found a sacrificial altar of Ru.
  1058 | D:2      | Found a white marble altar of Elyvilon.
  1064 | D:2      | Found a snail-covered altar of Cheibriados.
  1066 | D:2      | Found a sparkling altar of Nemelex Xobeh.
  1068 | D:2      | Found a glowing golden altar of the Shining One.
  1083 | D:2      | Reached skill level 4 in Axes
  1084 | D:2      | Found a shattered altar of Ashenzari.
  1088 | D:2      | Became a worshipper of Cheibriados the Contemplative
  1128 | D:2      | Found a faded altar of an unknown god.
  1397 | D:2      | Upgraded the game from 0.22-a0-480-g991dd4b to 0.22-a0-482-g76e0a5f
  1401 | D:2      | Reached XP level 4. HP: 33/40 MP: 4/4
  1802 | D:3      | Reached * piety under Cheibriados
  2196 | D:3      | Reached XP level 5. HP: 46/46 MP: 5/5
  2723 | D:4      | Reached skill level 5 in Axes
  2779 | D:4      | Reached ** piety under Cheibriados
  2786 | D:4      | Reached XP level 6. HP: 49/52 MP: 6/6
  2797 | D:4      | Reached skill level 6 in Axes
  2904 | D:4      | Noticed Edmund
  2962 | D:4      | Killed Edmund
  2962 | D:4      | Reached skill level 7 in Axes
  2962 | D:4      | Reached XP level 7. HP: 15/60 MP: 7/7
  3217 | D:4      | Reached skill level 5 in Shields
  3233 | D:4      | Noticed Blork the orc
  3245 | D:4      | Killed Blork the orc
  3435 | D:4      | Found a sparkling altar of Nemelex Xobeh.
  3525 | D:4      | Reached *** piety under Cheibriados
  3565 | D:4      | Noticed Sigmund
  3587 | D:4      | Killed Sigmund
  3587 | D:4      | Reached skill level 5 in Fighting
  3587 | D:4      | Reached skill level 8 in Axes
  3749 | D:4      | Reached XP level 8. HP: 68/68 MP: 8/8
  3770 | D:5      | Entered Level 5 of the Dungeon
  3774 | D:5      | Reached skill level 5 in Armour
  4180 | D:5      | Noticed Menkaure
  4182 | D:5      | Killed Menkaure
  4182 | D:5      | Reached skill level 9 in Axes
  4182 | D:5      | Reached skill level 1 in Dodging
  4199 | D:5      | Found Tuifuun's Weapon Shop.
  4247 | D:5      | Reached **** piety under Cheibriados
  5030 | D:6      | Reached skill level 10 in Axes
  5099 | D:6      | Reached XP level 9. HP: 73/75 MP: 9/9
  5288 | D:5      | Bought a +2 war axe of electrocution for 248 gold pieces
  5979 | D:7      | Found a staircase to the Ecumenical Temple.
  6284 | D:7      | Reached ***** piety under Cheibriados
  6385 | D:7      | Reached skill level 11 in Axes
  6798 | D:7      | Reached XP level 10. HP: 85/86 MP: 10/10
  6998 | D:8      | Reached skill level 12 in Axes
  7100 | D:8      | Found a blossoming altar of Fedhas.
  7360 | D:8      | Reached skill level 1 in Stealth
  7395 | D:8      | Found Nakkogg's Weapon Shoppe.
  7401 | D:8      | Learned a level 2 spell: Blink
  7471 | D:8      | Got a steaming platinum ring
  7473 | D:8      | Identified the cursed ring "Likkovai" {rElec rF++ MR+ Str-4 Int-2} (You found it on level 8 of the Dungeon)
  7565 | D:8      | Noticed a two-headed ogre
  7571 | D:8      | Killed a two-headed ogre
  7571 | D:8      | Reached skill level 1 in Invocations
  7982 | D:9      | Reached skill level 1 in Spellcasting
  8035 | D:9      | Found a staircase to the Lair.
  8039 | D:9      | Reached skill level 13 in Axes
  8080 | D:9      | Noticed Erica
  8087 | D:9      | Killed Erica
  8087 | D:9      | Reached XP level 11. HP: 95/95 MP: 12/14
  8187 | D:9      | Got a crystal morningstar
  8188 | D:9      | Identified the +2 morningstar "Grum" {freeze, Str+6} (You found it on level 9 of the Dungeon)
  8277 | D:9      | Reached ****** piety under Cheibriados
  8543 | D:10     | Entered Level 10 of the Dungeon
  8607 | D:10     | Found a white marble altar of Elyvilon.
  8660 | D:10     | Noticed a two-headed ogre
  8668 | D:10     | Killed a two-headed ogre
  8668 | D:10     | Reached skill level 5 in Invocations
  8721 | D:10     | Noticed a fire dragon
  8722 | D:10     | Found the +7 great mace "Firestarter" {inner flame, rF++}
  8734 | D:10     | Reached skill level 14 in Axes
  8757 | D:10     | Killed a fire dragon
  8758 | D:10     | Noticed EvilAshe's ghost (novice HuFi)
  8776 | D:10     | Killed EvilAshe's ghost
  8854 | D:10     | Killed an unseen horror
  8992 | D:10     | Reached skill level 1 in Maces & Flails
  9008 | D:10     | Reached XP level 12. HP: 79/104 MP: 17/17
  9059 | D:10     | Identified the Handbook of Flight and the Blaze
  9141 | D:10     | You fall through a shaft for 3 floors!
  9150 | D:13     | Noticed a four-headed hydra
  9159 | D:13     | Found Paarunen's Armour Boutique.
  9160 | D:13     | Killed a four-headed hydra
  9265 | D:13     | Found a frozen archway.
  9274 | IceCv    | Entered an ice cave
  9418 | IceCv    | Engulfed by an ice statue's freezing vapour

Vault maps used:
D:1:      roderic_dead_forest
D:2:      grunt_temple_overflow_open, chequers_ecumenical_altar_simple_redux,
          first_ration
D:3:      kennysheep_big_empty_room
D:4:      nemelex_diamond_rough_becter, uniq_edmund, uniq_blork_the_orc,
          uniq_sigmund
D:5:      gup_sewer_entry_glass, serial_shops, shop, uniq_menkaure
D:7:      minmay_temple_entry_butterflies, serial_glass, glass_columns_a,
          glass_columns_b, grunt_livestock, grunt_ministairs_4
D:8:      basic_altar, serial_shops, kennysheep_mini_moat
D:9:      minmay_lair_entry_grove, serial_curves, eino_curves_03,
          eino_curves_02, uniq_erica
D:10:     minmay_firetagon, basic_altar
D:13:     serial_shops, nicolae_shop_behind_doors, nicolae_shop_trees,
          portal_ice_cave_entry_ice_beasts, kennysheep_generic_room_10
IceCv:    ice_cave_small_giant

Skill      XL: |  1  2  3  4  5  6  7  8  9 10 11 12 |
---------------+-------------------------------------+-----
Axes           | 3 4 5 7 8 10 11 13 14 | 14.4
Fighting       | 4 5 7 8 9 |  9.4
Armour         | 4 5 7 8 9 |  9.0
Shields        | 4 5 6 7 8 9 |  9.2
Dodging        | 1 2 |  2.4
Stealth        | 1 |  1.7
Invocations    | 4 6 7 |  7.6
Spellcasting   | 1 3 |  3.8
Maces & Flails | 1 4 |  4.3
Evocations     | |  0.3

Action                   |  1- 3 |  4- 6 |  7- 9 | 10-12 || total
-------------------------+-------+-------+-------+-------++-------
Melee: War axe           |   129 |   166 |   290 |   206 ||   791
       Great mace        |       |       |       |    61 ||    61
Evoke: Wand              |       |       |       |     2 ||     2
  Use: Potion            |       |     2 |       |       ||     2
       Scroll            |       |     1 |     1 |    15 ||    17
  Eat: Chunk             |     2 |     3 |     7 |     5 ||    17
Armor: Scale mail        |    51 |       |       |       ||    51
       Chain mail        |       |    96 |   108 |   203 ||   407
Dodge: Dodged            |    46 |    35 |    61 |   171 ||   313
Block: Shield            |    62 |   106 |   174 |   161 ||   503

Table legend:
 A = Spawn XP
 B = Non-spawn XP
 C = Spawn XP percentage of total XP
 D = Spawn monster count
 E = Non-spawn monster count
 F = Spawn count percentage of total count
 G = Total turns spent on level
                    A         B        C        D         E        F      G
               +---------+---------+-------+---------+---------+-------+---------
         Total |       0 |   23405 |   0.0 |       0 |     295 |   0.0 |  9418
               +---------+---------+-------+---------+---------+-------+---------
           D:1 |       0 |      45 |   0.0 |       0 |      28 |   0.0 |  1046
           D:2 |       0 |      56 |   0.0 |       0 |      20 |   0.0 |   682
           D:3 |       0 |     133 |   0.0 |       0 |      25 |   0.0 |   946
           D:4 |       0 |     974 |   0.0 |       0 |      37 |   0.0 |  1096
           D:5 |       0 |     647 |   0.0 |       0 |      25 |   0.0 |  1139
           D:6 |       0 |    1009 |   0.0 |       0 |      17 |   0.0 |  1004
           D:7 |       0 |    1993 |   0.0 |       0 |      35 |   0.0 |  1062
           D:8 |       0 |    1851 |   0.0 |       0 |      27 |   0.0 |  1004
           D:9 |       0 |    3616 |   0.0 |       0 |      30 |   0.0 |   564
          D:10 |       0 |    8169 |   0.0 |       0 |      29 |   0.0 |   598
          D:13 |       0 |    2717 |   0.0 |       0 |      12 |   0.0 |   133
         IceCv |       0 |    2195 |   0.0 |       0 |      10 |   0.0 |   144
               +---------+---------+-------+---------+---------+-------+---------
